 Dungeon Crawl Stone Soup version 0.31.0-12-g77e489cdc1 (webtiles) character file.

Game seed: 17754812990114653716

4571 Cadnt the Fighter (level 10, -8/118 HPs)
             Began as a Djinni Fire Elementalist on Mar 7, 2024.
             Was a Believer of Elyvilon.
             Mangled by a manticore (9 damage)
             ... on level 9 of the Dungeon.
             The game lasted 00:15:24 (7843 turns).

Cadnt the Fighter (Djinni Fire Elementalist)        Turns: 7843, Time: 00:15:25

Health: -8/118     AC: 25    Str:  7    XL:     10   Next: 68%
Gold:   164        EV:  2    Int: 27    God:    Elyvilon [**....] SH:  5 Dex: 14

rFire   + . .        (no weapon)
rCold   x . .        (no shield)
rNeg    . . .        a - melded +2 robe
rPois   ∞            (helmet currently unavailable)
rElec   .            o - melded +0 cloak
rCorr   .            (gloves currently unavailable)
SInv    .            (boots unavailable)
Will    +....        r - amulet of reflection
Stlth   ++           f - +6 ring of intelligence
HPRegen 0.39/turn    s - ring of fire
MPRegen 0.00/turn

%: reflection, infuse magic (-9 HP)
@: tree-form, spiked
A: stationary, stasis, torment immunity, boosted hp, sickness immunity, (fire
resistance 2), (cold vulnerability 1), float, innate caster, HP casting, extra
vitality 1, MP-powered wands
a: Renounce Religion, Purification, Heal Other


You were on level 9 of the Dungeon.
You worshipped Elyvilon.
Elyvilon was pleased with you.
You were a tree.
You visited 2 branches of the dungeon, and saw 10 of its levels.

You collected 489 gold pieces.
You spent 325 gold pieces at shops.

Inventory:

Armour
 a - a +2 robe (melded)
 o - a +0 cloak (melded)
Jewellery
 f - a +6 ring of intelligence (left branch)
 g - a ring of resist corrosion
 q - a +5 ring of evasion
 r - an amulet of reflection (around neck)
 s - a ring of fire (right branch)
Talismans
 i - a flux talisman
Wands
 e - a wand of mindburst (9)
 j - a wand of acid (8)
Scrolls
 d - 3 scrolls of identify
 m - a scroll of enchant armour
 p - a scroll of noise
 v - a scroll of poison
Potions
 c - a potion of brilliance
 n - a potion of degeneration


   Skills:
 * Level 9.7 Fighting
 + Level 7.7 Dodging
 - Level 2.0 Stealth
 * Level 7.7 Spellcasting
 * Level 7.7 Conjurations
 * Level 7.7 Hexes
 * Level 7.7 Summonings
 * Level 7.7 Necromancy
 * Level 7.7 Translocations
 * Level 7.7 Fire Magic
 * Level 7.7 Ice Magic
 * Level 7.7 Air Magic
 * Level 7.7 Earth Magic
 * Level 7.7 Alchemy


You knew the following spells:

 Your Spells              Type           Power      Damage    Failure   Level
a - Foxfire               Conj/Fire      100%       2x1d9     1%          1
b - Scorch                Fire           100%       2d9       1%          2
c - Volatile Blastmotes   Fire/Tloc      100%       2d18      1%          3
d - Inner Flame           Hex/Fire       68%        N/A       1%          3
e - Flame Wave            Conj/Fire      68%        2d15      2%          4
f - Necrotise             Necr           100%       1d9       1%          1
g - Momentum Strike       Conj/Tloc      100%       3d10      1%          2
h - Mephitic Cloud        Conj/Alch/Air  51%        N/A       1%          3
i - Fulminant Prism       Conj/Alch      25%        3d13      2%          4
Your spell library was empty.

Dungeon Overview and Level Annotations

Branches:
Dungeon (9/15)             Temple (1/1) D:5
   Lair: D:8-11         Orc: D:9-12

Altars:
Ashenzari
Cheibriados
Dithmenos
Elyvilon
Fedhas
Gozag
Hepliaklqana
Makhleb
Nemelex Xobeh
Okawaru
Qazlal
Uskayaw
Wu Jian
Yredelemnul
Zin
The Shining One

Shops:
D:6 =   D:7 !


Innate Abilities, Weirdness & Mutations

You are a tree.
Your roots penetrate the ground, keeping you stationary.
You cannot be teleported.
You are immune to unholy pain and torment.
Your maximum health is greatly increased.
Your equipment is partially melded.
You are immune to sickness and miasma.
You are immune to poison.
((Your flesh is very heat resistant. (rF++)))
((You are vulnerable to cold. (rC-)))
You float through the air rather than walking.
You learn spells naturally, not from books.
Your magical power is your life essence.
You have superior vitality. (+4 MHP)
You expend health (3 HP) to strengthen your wands.


Message History

Confirm with . or Enter, or press ? or * to list all spells.
You don't know that spell.
Press: ? - help, Dir - move target, f - you Sorry, you can't target yourself.
Press: ? - help, Dir - move target, f - manticore Heal: a manticore (poison gas, uninterested)
The manticore would be completely unfazed by your meagre offer of peace.
The manticore is engulfed in poison gas.
The manticore is poisoned.
The manticore is engulfed in poison gas.
The manticore looks even sicker.
The manticore bites you!
* * * LOW HITPOINT WARNING * * *
The manticore claws you.
* * * LOW HITPOINT WARNING * * *
The manticore barely misses you.
Casting: Flame Wave (dangerous; 2% risk of failure)
Confirm with . or Enter, or press ? or * to list all spells.
You feel a surge of power!
Flames lash the manticore.
The manticore is heavily wounded.
The manticore's fire resistance burns away.
* * * LOW HITPOINT WARNING * * *
The manticore is engulfed in poison gas.
The manticore looks even sicker.
The manticore bites you.
* * * LOW HITPOINT WARNING * * *
The manticore claws you. Elyvilon protects you from harm!
The manticore misses you.
Okay, then.
Okay, then.
You turn into a tree.
Your +0 cloak melds into your body.
Your +2 robe melds into your body.
Your roots penetrate the ground.
The manticore looks as sick as possible!
The manticore bites you.
* * * LOW HITPOINT WARNING * * *
You block the manticore's attack.
The manticore claws you but does no damage.
The manticore is engulfed in poison gas.
The manticore looks as sick as possible!
The manticore bites you!
You die...

...# ..§# .§# ######
.§# #....# #§#
#....# #.# #....#
#§# #....######
####H#####..........
#§§♣§§§§##......P...
#§§§§§§§§§§.........
#§§§§§☼§##§.......##
#§§§§§§☼#####.....#
#§☼☼§§§§# #.#####
#§§☼§§§§#####...####
#§§§§§§§#....[....>.
#§§§§§§§#...........
#.......#.......###.


You could see a manticore (extremely poisoned, combustible).

Vanquished Creatures
  A two-headed ogre (D:8)
  Psyche (D:8)
  Grinder (D:3)
  Sigmund (D:4)
  5 yaks (D:8)
  A steam dragon (D:8)
  A sky beast (D:7)
  2 black bears
  2 ice beasts
  3 centaurs (D:8)
  2 ogres
  A kobold brigand (D:7)
  2 phantoms (D:5)
  A bullfrog (D:6)
  15 wights
  5 hounds
  A jelly (D:6)
  4 sleepcaps
  Jessica (D:2)
  3 iguanas (D:5)
  4 orc wizards
  2 adders (D:2)
  A white imp (D:6)
  A dart slug (D:5)
  24 orcs
  7 endoplasms
  3 giant cockroaches
  10 goblins
  10 hobgoblins
  7 jackals
  9 kobolds
  6 quokkas
  6 ball pythons
  11 bats
  A frilled lizard (D:1)
  4 rats
  A spectral goblin (D:8)
160 creatures vanquished.

Vanquished Creatures (collateral kills)
  16 foxfires
16 creatures vanquished.

Vanquished Creatures (others)
  A kobold (D:7)
  458 foxfires
459 creatures vanquished.

Grand Total: 635 creatures vanquished

Notes
Turn   | Place    | Note
-------+----------+-------------------------------------------
     0 | D:1      | Cadnt the Djinni Fire Elementalist began the quest for the
                  | Orb.
     0 | D:1      | Cadnt set off with the following spells memorised: Foxfire,
                  | Scorch, Volatile Blastmotes, Inner Flame, Flame Wave.
     0 | D:1      | Reached XP level 1. HP: 15/15 MP: 0/0
   183 | D:1      | Reached XP level 2. HP: 21/21 MP: 0/0
   522 | D:1      | Reached XP level 3. HP: 25/25 MP: 0/0
   522 | D:1      | Learned a level 1 spell: Necrotise
  1011 | D:2      | Noticed Jessica
  1018 | D:2      | Killed Jessica
  1019 | D:2      | Reached skill level 1 in Fighting
  1019 | D:2      | Reached XP level 4. HP: 30/32 MP: 0/0
  1698 | D:2      | Reached skill level 2 in Fighting
  1698 | D:2      | Reached XP level 5. HP: 35/38 MP: 0/0
  1698 | D:2      | Learned a level 2 spell: Momentum Strike
  1814 | D:2      | Found a faded altar of an unknown god.
  2330 | D:3      | Noticed Grinder
  2350 | D:3      | Killed Grinder
  2351 | D:3      | Reached skill level 3 in Fighting
  2351 | D:3      | Reached XP level 6. HP: 30/46 MP: 0/0
  2457 | D:3      | Found a faded altar of an unknown god.
  2462 | D:3      | Found an ornate altar of the Wu Jian Council.
  3006 | D:4      | Noticed an ogre
  3014 | D:4      | Killed an ogre
  3015 | D:4      | Reached XP level 7. HP: 26/51 MP: 0/0
  3015 | D:4      | Learned a level 3 spell: Mephitic Cloud
  3151 | D:4      | Reached skill level 4 in Fighting
  3255 | D:4      | Found a broken altar of Ashenzari.
  3400 | D:4      | Noticed Sigmund
  3409 | D:4      | Killed Sigmund
  3459 | D:4      | Reached XP level 8. HP: 54/58 MP: 0/0
  3467 | D:4      | Reached skill level 5 in Fighting
  3467 | D:4      | Reached skill level 5 in Spellcasting
  3467 | D:4      | Reached skill level 5 in Conjurations
  3467 | D:4      | Reached skill level 5 in Hexes
  3467 | D:4      | Reached skill level 5 in Summonings
  3467 | D:4      | Reached skill level 5 in Necromancy
  3467 | D:4      | Reached skill level 5 in Translocations
  3467 | D:4      | Reached skill level 5 in Fire Magic
  3467 | D:4      | Reached skill level 5 in Ice Magic
  3467 | D:4      | Reached skill level 5 in Air Magic
  3467 | D:4      | Reached skill level 5 in Earth Magic
  3467 | D:4      | Reached skill level 5 in Alchemy
  4118 | D:5      | Entered Level 5 of the Dungeon
  4532 | D:5      | Reached skill level 5 in Dodging
  4651 | D:5      | Reached skill level 6 in Fighting
  4862 | D:5      | Found a staircase to the Ecumenical Temple.
  4889 | Temple   | Entered the Ecumenical Temple
  4906 | Temple   | Became a worshipper of Elyvilon the Healer
  5275 | D:6      | Found a stormy altar of Qazlal.
  5310 | D:6      | Reached XP level 9. HP: 39/67 MP: 0/0
  5310 | D:6      | Learned a level 4 spell: Fulminant Prism
  5415 | D:6      | Found an iron altar of Okawaru.
  5627 | D:6      | Reached * piety under Elyvilon
  6043 | D:6      | Found Feosytaz's Jewellery Emporium.
  6049 | D:6      | Bought a ring of fire for 325 gold pieces
  6134 | D:6      | Found an opulent altar of Gozag.
  6554 | D:7      | Reached ** piety under Elyvilon
  6563 | D:7      | Reached skill level 7 in Fighting
  6703 | D:7      | Found Ebiqohucs's Distillery.
  6720 | D:7      | Gained mutation: You expend health (3 HP) to strengthen
                  | your wands. [potion of mutation]
  6723 | D:7      | You are sucked into a shaft and drop 2 floors!
  6730 | D:8      | Noticed Psyche
  6730 | D:8      | Noticed a two-headed ogre
  6734 | D:8      | Reached skill level 8 in Fighting
  6735 | D:8      | Reached XP level 10. HP: 56/77 MP: 0/0
  6741 | D:8      | Killed Psyche
  6749 | D:8      | Killed a two-headed ogre
  6750 | D:8      | Reached skill level 9 in Fighting
  7329 | D:8      | Found a hazy altar of Hepliaklqana.
  7711 | D:9      | Found a sparkling altar of Nemelex Xobeh.
  7789 | D:9      | Identified the +1 ring mail of Valour {Regen+ Int-3 SInv}
  7827 | D:9      | Noticed a manticore
  7841 | D:9      | HP: 1/79 [manticore (3)]
  7841 | D:9      | Elyvilon protects you from harm!
  7843 | D:9      | Mangled by a manticore

Illustrated notes

Levels and vault maps discovered:
D:1:      minmay_arrival_open_corners, layout_loops_ring, minmay_statues_item,
          chequers_serial_rivers_micro_c
D:2:      layout_basic, shapermc_ecumenical_altar_acropolis,
          chequers_decorated_corner, serial_bayou_pond_e, uniq_jessica
D:3:      layout_basic, nicolae_overflow_ecumenical_swirl, bh_walls_and_bars,
          uniq_grinder
D:4:      layout_loops_ring, ashenzari_altar_1, serial_co_window_serial,
          co_window_paths_b, co_window_paths_a, co_window_cross_1,
          co_window_paths_a, co_window_corner_a, co_window_2corner,
          co_window_broadway_a, co_window_corner_b, co_window_corner_b,
          co_window_corner_b, co_window_2corner, co_window_paths_c,
          glass_columns_b, glass_columns_a, glass_columns_a,
          kennysheep_nondescript, uniq_sigmund
D:5:      layout_basic, minmay_temple_entry_nine_rooms,
          hangedman_minor_gate_pass
D:6:      layout_layer_cave, mainiacjoe_overflow_chevrons, okawaru_trees_1,
          mainiacjoe_overflow_tiny_flanked, serial_shops,
          nicolae_shop_pleasant_corner_grove, kennysheep_generic_room_5
D:7:      layout_cave_pools, regret_index_xom_buried_treasure, serial_shops,
          shop, hellmonk_guarded_unrand_lears
D:8:      minmay_s_stair_smasher, layout_rooms,
          nicolae_hepliaklqana_monster_ancestors, grunt_ministairs_15,
          uniq_psyche, uniq_jeremiah
D:9:      layout_basic, mainiacjoe_overflow_boulevard, trog_antimagical,
          grunt_lair_entry_orc_guard_hut, orc_0_dummy, nicolae_letterblocks
          [nicolae_letter_subblock, nicolae_letter_subblock,
          nicolae_letter_subblock, nicolae_letter_subblock,
          nicolae_letter_subblock, nicolae_letter_subblock,
          nicolae_letter_subblock, nicolae_letter_subblock,
          nicolae_letter_subblock, nicolae_letter_subblock,
          nicolae_letter_subblock, nicolae_letter_subblock,
          nicolae_letter_subblock, nicolae_letter_subblock,
          nicolae_letter_subblock, nicolae_letter_subblock,
          nicolae_letter_subblock, nicolae_letter_subblock,
          nicolae_letter_subblock, nicolae_letter_subblock,
          nicolae_letter_subblock, nicolae_letter_subblock,
          nicolae_letter_subblock, nicolae_letter_subblock,
          nicolae_letter_subblock], uniq_erica, uniq_harold
Temple:   nicolae_temple_bog_church

Skill      XL: |  1  2  3  4  5  6  7  8  9 10 |
---------------+-------------------------------+-----
Stealth        | 2 |  2.0
Fighting       | 1 2 3 4 6 8 9 |  9.7
Dodging        | 3 4 5 6 7 |  7.7
Spellcasting   | 4 5 6 7 |  7.7
Conjurations   | 4 5 6 7 |  7.7
Hexes          | 4 5 6 7 |  7.7
Summonings     | 4 5 6 7 |  7.7
Necromancy     | 4 5 6 7 |  7.7
Translocations | 4 5 6 7 |  7.7
Fire Magic     | 4 5 6 7 |  7.7
Ice Magic      | 4 5 6 7 |  7.7
Air Magic      | 4 5 6 7 |  7.7
Earth Magic    | 4 5 6 7 |  7.7
Alchemy        | 4 5 6 7 |  7.7

Action                     |  1- 3 |  4- 6 |  7- 9 | 10-12 || total
---------------------------+-------+-------+-------+-------++-------
  Melee: Unarmed           |    21 |    14 |     6 |    10 ||    51
         Punch             |     1 |       |     1 |       ||     2
   Cast: Foxfire           |    52 |    88 |   162 |       ||   302
         Scorch            |       |       |     7 |     2 ||     9
         Flame Wave        |       |       |    14 |    24 ||    38
    Use: Potion            |     6 |     3 |     4 |     3 ||    16
         Scroll            |     1 |     4 |     5 |     3 ||    13
   Stab: Sleeping          |       |     1 |     1 |       ||     2
 Armour: Robe              |    26 |    33 |    57 |    36 ||   152
         Skin              |       |       |       |     3 ||     3
  Dodge: Dodged            |    36 |    35 |    54 |    26 ||   151
  Block: Other             |       |       |     4 |    19 ||    23
         Reflection        |       |       |     1 |     3 ||     4
